 Dungeon Crawl Stone Soup version 0.30.0-30-g96aa6591b8 (webtiles) character file.

Game seed: 7287111763637697742

176 coffeetime the Trooper (level 5, 0/47 HPs)
             Began as a Minotaur Fighter on June 28, 2023.
             Slain by a gnoll
             ... wielding a +0 spear
              (2 damage)
             ... on level 4 of the Dungeon.
             The game lasted 00:07:35 (2061 turns).

coffeetime the Trooper (Minotaur Fighter)           Turns: 2061, Time: 00:07:36

Health: 0/47       AC:  8    Str: 23    XL:     5   Next: 30%
Magic:  4/4        EV:  9    Int:  5    God:
Gold:   121        SH:  4    Dex:  9    Spells: 4/4 levels left

rFire   . . .        a - +0 trident
rCold   . . .        c - +0 buckler
rNeg    + . .        j - +0 scale mail
rPois   .            (helmet restricted)
rElec   .            v - +0 cloak
rCorr   .            (no gloves)
SInv    .            (no boots)
Will    .....        (no amulet)
Stlth   x              - ring of positive energy
HPRegen 0.27/turn    (no ring)
MPRegen 0.09/turn

%: no passive effects
@: mighty
A: horns 2, retaliatory headbutt
a: no special abilities


You were on level 4 of the Dungeon.
You visited 1 branch of the dungeon, and saw 4 of its levels.

You collected 121 gold pieces.

Inventory:

Hand Weapons
 a - a +0 trident (weapon)
 b - a +3 sling
Armour
 c - a +0 buckler (worn)
 j - a +0 scale mail (worn)
 v - a +0 cloak (worn)
Jewellery
 q - a ring of wizardry
 x - a ring of positive energy (left hand)
Wands
 y - a wand of iceblast (7)
Scrolls
 g - a scroll of brand weapon
 k - 2 scrolls of blinking
 l - a scroll of amnesia
 s - a scroll of torment
 t - 2 scrolls of magic mapping
 u - 2 scrolls of noise {unknown}
 z - a scroll of teleportation {unknown}
 A - a scroll of fear {unknown}
 B - a scroll of enchant armour {unknown}
Potions
 d - a potion of might
 e - 2 potions of attraction {unknown}
 f - a potion of brilliance {unknown}
 i - 2 potions of curing {unknown}
 m - a potion of haste {unknown}
 n - a potion of ambrosia {unknown}
 o - a potion of cancellation {unknown}
 p - 2 potions of degeneration {unknown}
 r - a potion of heal wounds {unknown}
 w - a potion of magic {unknown}


   Skills:
 + Level 4.5 Fighting
 + Level 3.9 Polearms
 + Level 2.2 Ranged Weapons
 + Level 4.4 Armour
 + Level 0.1 Stealth
 + Level 4.2 Shields
 * Level 1.0 Evocations


You had 4 spell levels left.
You didn't know any spells.
Your spell library contained the following spells:

 Spells                   Type           Power      Damage    Failure   Level
 Summon Forest            Summ/Tloc      0%         N/A       100%        5
 Summon Mana Viper        Hex/Summ       0%         N/A       100%        5
 Summon Cactus Giant      Summ           0%         N/A       100%        6


Dungeon Overview and Level Annotations

Branches:
Dungeon (4/15)
 Temple: D:4-7

Altars:


Innate Abilities, Weirdness & Mutations

You have a pair of horns on your head.
You reflexively headbutt those who attack you in melee.


Message History

The gnoll completely misses you. The gnoll misses you.
You block the gnoll's attack. The gnoll hits you but does no damage.
Items here: ) †††.
You hit the gnoll. You headbutt the gnoll!
The gnoll is almost dead.
The gnoll hits you from afar with a +0 spear.
The gnoll hits you with a +0 halberd!
You hit the gnoll.
You kill the gnoll!
The gnoll hits you but does no damage. The gnoll attacks as you move away!
The gnoll closely misses you.
You completely miss the gnoll. Your headbutt misses the gnoll.
The gnoll hits you with a +0 flail!
You hit the gnoll.
The gnoll is lightly wounded.
The gnoll hits you from afar with a +0 spear.
The gnoll hits you with a +0 flail.
You barely miss the gnoll.
The gnoll is lightly wounded.
The gnoll barely misses you. The gnoll hits you with a +0 flail.
You closely miss the gnoll.
The gnoll is lightly wounded.
The gnoll hits you from afar with a +0 spear.
* * * LOW HITPOINT WARNING * * *
The gnoll hits you but does no damage. The gnoll hits you with a +0 flail.
* * * LOW HITPOINT WARNING * * *
The gnoll hits you but does no damage.
Sorry, you're not good enough to have a special ability.
You feel very mighty all of a sudden. The gnoll closely misses you.
You furiously retaliate!
You headbutt the gnoll.
The gnoll hits you from afar with a +0 spear.
* * * LOW HITPOINT WARNING * * *
You hit the gnoll.
You kill the gnoll!
The gnoll hits you from afar with a +0 spear.
* * * LOW HITPOINT WARNING * * *
You block the gnoll's attack.
Items here: )) ††††.
You barely miss the gnoll. The gnoll hits you with a +0 spear.
You die...

#.####.# ##.##..###
##.####.# ###.###..#
#.......# #...# #.#
#.......# #...# .#
#.......# #...# ..
##.####.# #...# #.
......#.# ...# ..
......#.#.####.######...
......<.#.......@g......
##.#.##.######.###......
...#....######.##.###...
..........#......# )
................##
................#
...........###.#...
########...# #......
...... ..####..


You could see a gnoll.

Vanquished Creatures
  An iguana (D:4)
  Ijyb (D:3)
  2 gnolls (D:4)
  3 adders
  3 worms
  4 dart slugs
  An orc (D:4)
  A ball python (D:2)
  4 endoplasms
  6 giant cockroaches
  11 goblins
  2 hobgoblins
  8 jackals
  3 quokkas (D:1)
  2 bats (D:3)
  2 frilled lizards (D:3)
  4 kobolds
  2 rats
60 creatures vanquished.

Notes
Turn   | Place    | Note
-------+----------+-------------------------------------------
     0 | D:1      | coffeetime the Minotaur Fighter began the quest for the
                  | Orb.
     0 | D:1      | Reached XP level 1. HP: 19/19 MP: 0/0
    33 | D:1      | Reached XP level 2. HP: 23/27 MP: 1/1
   213 | D:1      | Reached XP level 3. HP: 33/33 MP: 2/2
  1192 | D:3      | Reached skill level 1 in Ranged Weapons
  1300 | D:3      | Reached XP level 4. HP: 41/41 MP: 3/3
  1412 | D:3      | Noticed Ijyb
  1423 | D:3      | Killed Ijyb
  1768 | D:4      | Reached skill level 1 in Evocations
  1768 | D:4      | Reached XP level 5. HP: 4/47 MP: 4/4
  2058 | D:4      | HP: 2/47 [gnoll/+0 spear (5)]
  2061 | D:4      | Slain by a gnoll

Illustrated notes

Levels and vault maps discovered:
D:1:      eino_arrival_water_cross, layout_rooms
D:2:      layout_loops_ring
D:3:      layout_basic, uniq_ijyb
D:4:      layout_basic, minmay_temple_entry_wispy

Skill      XL: |  1  2  3  4 |
---------------+-------------+-----
Fighting       | 4 |  4.5
Armour         | 4 |  4.4
Shields        | 4 |  4.2
Ranged Weapons | 1 2 |  2.2
Polearms       | 3 |  3.9
Evocations     | 1 |  1.0
Stealth        | |  0.1

Action                     |  1- 3 |  4- 6 || total
---------------------------+-------+-------++-------
  Melee: Trident           |    67 |    52 ||   119
         Headbutt          |     9 |     9 ||    18
   Fire: Sling             |    27 |    13 ||    40
    Use: Scroll            |       |     5 ||     5
         Potion            |       |     1 ||     1
 Armour: Scale mail        |    38 |    16 ||    54
  Dodge: Dodged            |    41 |    20 ||    61
  Block: Buckler           |    15 |    11 ||    26
